[Event "Titled Tuesday Blitz July 26 Early 2022"]
[White "McCoy, Owen"]
[Black "Molina, Roberto Junio Brito"]
[WhiteFideId "30924502"]
[BlackFideId "2109450"]
[WhiteElo "2530"]
[BlackElo "2432"]
[Result "1/2-1/2"]
[Round "02"]
[TimeControl "180+1"]
[Date "2022.07.27"]
[WhiteClock "0:00:08"]
[BlackClock "0:00:06"]

1. Nf3 c6 2. g3 d5 3. Bg2 Bg4 4. O-O Nd7 5. d3 e6 6. Nbd2 Bd6 7. Qe1 Ne7 8. h3 Bh5 9. Nh4 O-O 10. e4 Kh8 11. f4 f6 12. Ndf3 Qc7 13. g4 Bf7 14. f5 dxe4 15. dxe4 exf5 16. Nxf5 Bc5+ 17. Kh1 Ng6 18. Qc3 Nge5 19. Bf4 Bb6 20. Rad1 Rae8 21. Nd6 Re7 22. Nxf7+ Rfxf7 23. Nxe5 Nxe5 24. g5 Qc8 25. gxf6 gxf6 26. Bxe5 Rxe5 27. Rxf6 Rxf6 28. Qxe5 Qe6 29. Qxe6 Rxe6 30. Rd7 Rf6 31. Rxb7 Rf2 32. e5 Re2 33. Bxc6 Rxe5 34. Ba4 Re4 35. Bb3 h5 36. Rb8+ Kg7 37. Rb7+ Kf6 38. Kg2 Re2+ 39. Kf3 Rf2+ 40. Kg3 Rd2 41. Rf7+ Kg6 42. Rf1 Bc7+ 43. Kf3 Rh2 44. Rg1+ Kf5 45. Rf1 Kg5 46. a4 Rxh3+ 47. Ke4 Rg3 48. Rf5+ Kg4 49. Rf8 Rg1 50. Be6+ Kh4 51. Rf3 Re1+ 52. Kd5 Re5+ 53. Kc6 Rxe6+ 54. Kxc7 Rb6 55. a5 Rxb2 56. c4 Ra2 57. Kb7 Rxa5 58. Rc3 Rc5 59. Kxa7 Kg5 60. Kb6 Rc8 61. c5 h4 62. c6 Kg4 63. Kb7 Rh8 64. c7 h3 65. Rc4+ Kg3 66. Rc3+ Kg4 67. Rxh3 Kxh3 68. c8=Q+ Rxc8 69. Kxc8 1/2-1/2


[Site "https://www.chess.com"]

[Event "Titled Tuesday Blitz July 26 Early 2022"]
[White "Melkumyan, Hrant"]
[Black "Sychev, Klementy"]
[WhiteFideId "13302485"]
[BlackFideId "4114060"]
[WhiteElo "2604"]
[BlackElo "2564"]
[Result "1-0"]
[Round "02"]
[TimeControl "180+1"]
[Date "2022.07.26"]
[WhiteClock "0:00:34"]
[BlackClock "0:00:02"]

1. Nf3 Nf6 2. c4 e6 3. Nc3 d5 4. e3 dxc4 5. Bxc4 Be7 6. O-O O-O 7. d4 a6 8. Be2 b5 9. Ne5 Bb7 10. Bf3 Qc8 11. Bd2 Rd8 12. Rc1 Nfd7 13. Nd3 c5 14. Ne4 c4 15. b3 Bd5 16. bxc4 bxc4 17. Nf4 Nc6 18. Qc2 Rb8 19. Rb1 Rb5 20. Rxb5 axb5 21. Nxd5 exd5 22. Nc3 Nf6 23. Nxb5 Qa6 24. a4 Bb4 25. Nc3 Ba5 26. g3 h6 27. Kg2 Kh8 28. Rb1 Nb4 29. Qf5 Qc6 30. Nxd5 Nfxd5 31. Bxb4 Bxb4 32. Rxb4 c3 33. Rb1 c2 34. Rc1 Kg8 35. Rxc2 Qd6 36. Bxd5 1-0


[Site "https://www.chess.com"]

[Event "Titled Tuesday Blitz July 26 Early 2022"]
[White "Meshkovs, Nikita"]
[Black "Kozin, Yuri"]
[WhiteFideId "11602740"]
[BlackFideId "4129920"]
[WhiteElo "2506"]
[BlackElo "2536"]
[Result "1-0"]
[Round "02"]
[TimeControl "180+1"]
[Date "2022.07.27"]
[WhiteClock "0:00:17"]
[BlackClock "0:00:15"]

1. e4 c5 2. Nf3 e6 3. d4 cxd4 4. Nxd4 a6 5. c4 Qc7 6. Nc3 Nf6 7. a3 Nxe4 8. Nxe4 Qe5 9. Be3 Qxe4 10. Be2 Qxg2 11. Bf3 Qg6 12. Qa4 Be7 13. h4 Nc6 14. O-O-O Nxd4 15. Rxd4 O-O 16. Qd1 e5 17. Rg4 Qe6 18. Rhg1 g6 19. Bd5 Qf5 20. h5 Qxh5 21. Rxg6+ Qxg6 22. Rxg6+ hxg6 23. Bh6 Re8 24. Qf3 Kh7 25. Qxf7+ Kxh6 26. Qxe8 Bf6 27. Qf7 Kg5 28. Be4 Bd8 29. Qxg6+ Kf4 30. Kd2 d5 31. cxd5 Bg4 32. Kd3 Bh4 33. Qh6+ Bg5 34. Qh2# 1-0


[Site "https://www.chess.com"]

[Event "Titled Tuesday Blitz July 26 Early 2022"]
[White "Mikhailovsky, Vladimir"]
[Black "Araujo Sanchez, Josue"]
[WhiteFideId "34105414"]
[BlackFideId "6416896"]
[WhiteElo "2303"]
[BlackElo "2358"]
[Result "1/2-1/2"]
[Round "02"]
[TimeControl "180+1"]
[Date "2022.07.26"]
[WhiteClock "0:00:04"]
[BlackClock "0:00:27"]

1. e4 c5 2. Nf3 d6 3. d4 cxd4 4. Nxd4 Nf6 5. Nc3 a6 6. Be2 e5 7. Nf3 Be7 8. Bg5 O-O 9. O-O Be6 10. Bxf6 Bxf6 11. a4 Nd7 12. Nd5 Rc8 13. a5 Bxd5 14. exd5 e4 15. Nd4 Rc5 16. Nf5 Qc7 17. c3 Be5 18. Qa4 g6 19. Nh6+ Kg7 20. Ng4 f5 21. Nxe5 Nxe5 22. Rfd1 Qe7 23. Qd4 Rfc8 24. Ra4 Qf6 25. Rb4 R8c7 26. Rb6 Rxa5 27. Qb4 Rac5 28. Rxb7 Rxb7 29. Qxb7+ Kh6 30. Qxa6 f4 31. Bf1 Qg5 32. Qe2 Rc4 33. Kh1 e3 34. Rd4 Rxd4 35. cxd4 Ng4 36. fxe3 fxe3 37. Qf3 Qh4 38. h3 Nf2+ 39. Kg1 Qg5 40. h4 Qe7 41. Be2 Kg7 42. g4 Qxh4 43. Qxe3 Nh3+ 44. Kg2 Ng5 45. Qe7+ Kg8 46. Qe8+ Kg7 47. Qe7+ Kg8 48. Qe8+ Kg7 49. Qe7+ 1/2-1/2


[Site "https://www.chess.com"]

[Event "Titled Tuesday Blitz July 26 Early 2022"]
[White "Mitrovic, Darko R"]
[Black "Buscar, Michael"]
[WhiteFideId "927023"]
[BlackFideId "2603616"]
[WhiteElo "2150"]
[BlackElo "2010"]
[Result "1/2-1/2"]
[Round "02"]
[TimeControl "180+1"]
[Date "2022.07.27"]
[WhiteClock "0:00:03"]
[BlackClock "0:00:10"]

1. d4 d5 2. c4 e6 3. Nf3 Nf6 4. g3 a6 5. Nbd2 Be7 6. Bg2 O-O 7. O-O c6 8. Qc2 b5 9. b3 Nbd7 10. e4 Bb7 11. e5 Ne8 12. a4 bxc4 13. bxc4 c5 14. Ba3 cxd4 15. Bxe7 Qxe7 16. Rab1 d3 17. Qxd3 dxc4 18. Nxc4 Nc5 19. Qe2 Nxa4 20. Qc2 Nc5 21. Nd6 Nxd6 22. exd6 Qxd6 23. Ng5 Qd3 24. Qxd3 Nxd3 25. Bxb7 Ra7 26. Be4 h6 27. Bxd3 hxg5 28. Ra1 a5 29. Ra4 Rd8 30. Be4 Rc8 31. Rfa1 Rc5 32. Rb1 f5 33. Bd3 Kf7 34. Rb5 Rxb5 35. Bxb5 Kf6 36. Rc4 Ke5 37. Ba4 Kd5 38. Rc8 Rb7 39. Ra8 Rb2 40. Rxa5+ Ke4 41. Bc6+ Kd4 42. Ra3 Rb6 43. Bf3 e5 44. Be2 e4 45. Kg2 f4 46. gxf4 gxf4 47. Bg4 Rg6 48. h3 Rg5 49. Ra4+ Kd3 50. Ra3+ Kd4 51. Ra4+ Kd3 52. Ra7 e3 53. fxe3 fxe3 54. Kf3 Rd5 55. Re7 Kd2 56. Rxe3 Rd6 57. Re2+ Kd1 58. Re4 Rf6+ 59. Rf4 Rb6 60. Rf7 g6 61. Ke4+ Kd2 62. Ke5 Ke3 63. Rf6 Rb5+ 64. Ke6 g5 65. Kf7 Ke4 66. Kg6 Rb4 67. Rf5 Rb8 68. Kxg5 Rb6 69. Rf6 Rb8 70. Rf4+ Ke5 71. Rf5+ Kd6 72. Rf6+ Ke7 73. Rg6 Kf7 74. Kh6 Rh8+ 75. Kg5 Rb8 76. Rf6+ Kg7 77. Rg6+ Kh8 78. Rh6+ Kg7 79. Rg6+ Kh7 80. Rh6+ Kg7 81. Rg6+ 1/2-1/2


[Site "https://www.chess.com"]

[Event "Titled Tuesday Blitz July 26 Early 2022"]
[White "Nakamura, Hikaru"]
[Black "Korchmar, Vasiliy"]
[WhiteFideId "2016192"]
[BlackFideId "24131750"]
[WhiteElo "2850"]
[BlackElo "2370"]
[Result "1-0"]
[Round "02"]
[TimeControl "180+1"]
[Date "2022.07.26"]
[WhiteClock "0:01:32"]
[BlackClock "0:00:02"]

1. g3 d5 2. Bg2 g6 3. d3 Bg7 4. Nc3 c6 5. Bd2 e5 6. e4 Ne7 7. Qc1 h6 8. Nf3 d4 9. Ne2 c5 10. c3 Nbc6 11. cxd4 cxd4 12. b4 Be6 13. b5 Na5 14. O-O b6 15. Bb4 Qd7 16. Qa3 Nb7 17. Rfc1 Nc8 18. Rc6 Nd8 19. Rc2 Nb7 20. Nfxd4 exd4 21. e5 Bd5 22. Bxd5 Qxd5 23. Nf4 Qxb5 24. e6 a5 25. Rc7 Qxb4 26. exf7+ 1-0


[Site "https://www.chess.com"]

[Event "Titled Tuesday Blitz July 26 Early 2022"]
[White "Nasuta, Grzegorz"]
[Black "Filip, Andrei"]
[WhiteFideId "1141686"]
[BlackFideId "1249452"]
[WhiteElo "2366"]
[BlackElo "1825"]
[Result "1-0"]
[Round "02"]
[TimeControl "180+1"]
[Date "2022.07.27"]
[WhiteClock "0:00:11"]
[BlackClock "0:00:03"]

1. e4 e5 2. Nf3 Nf6 3. d4 Nxe4 4. dxe5 d5 5. Nbd2 Nxd2 6. Bxd2 Be7 7. Bd3 Be6 8. O-O Nd7 9. c3 c5 10. h3 a6 11. Qe2 Nf8 12. Nh2 Ng6 13. f4 Qb6 14. Be3 Bd7 15. Kh1 O-O 16. b4 Qc7 17. bxc5 Bxc5 18. Bxc5 Qxc5 19. f5 Ne7 20. f6 Ng6 21. Rac1 Rae8 22. fxg7 Kxg7 23. Nf3 Qc7 24. Rfe1 Qc8 25. Qe3 Bf5 26. Nd4 Bxd3 27. Qxd3 Nxe5 28. Nf5+ Kg8 29. Qg3+ Ng6 30. Rxe8 Rxe8 31. Rf1 Rf8 32. Nh6+ Kg7 33. Nf5+ Kh8 34. Qe3 Qe8 35. Qd4+ Qe5 36. Qd3 Qe4 37. Qxe4 dxe4 38. Nd6 e3 39. Re1 Rd8 40. Nf5 e2 41. Rxe2 Nf4 42. Re4 Ne6 43. Rc4 h5 44. Kh2 Rd2 45. Ne3 Re2 46. Nd5 Rf2 47. Rh4 Ng7 48. Re4 b5 49. Re7 Kh7 50. Rb7 Rxa2 51. Rxf7 Rc2 52. Nf4 a5 53. Nxh5 Kh6 54. Nxg7 a4 55. Ra7 Rxc3 56. Nf5+ Kg6 57. Nd4 Rc5 58. Nxb5 Rxb5 59. Rxa4 Rb3 60. Rf4 Kh6 61. h4 Kh5 62. g3 Rc3 63. Kh3 Rc1 64. Rf5+ Kh6 65. Re5 Rh1+ 66. Kg4 Rb1 67. h5 Rb4+ 68. Kh3 Rc4 69. g4 Rc1 70. Re6+ Kg5 71. Re5+ Kf4 72. Rf5+ Ke4 73. Kh4 Rh1+ 74. Kg5 Rc1 75. h6 Rc8 76. h7 Rh8 77. Kg6 Re8 78. Kg7 Re7+ 79. Rf7 1-0


[Site "https://www.chess.com"]

[Event "Titled Tuesday Blitz July 26 Early 2022"]
[White "Navarrete Mendez, Gonzalo Alberto"]
[Black "Sarana, Alexey"]
[WhiteFideId "5106850"]
[BlackFideId "24133795"]
[WhiteElo "2261"]
[BlackElo "2666"]
[Result "0-1"]
[Round "02"]
[TimeControl "180+1"]
[Date "2022.07.26"]
[WhiteClock "0:00:06"]
[BlackClock "0:00:02"]

1. e4 c5 2. Nf3 d6 3. Nc3 Nf6 4. Bc4 e6 5. d4 cxd4 6. Nxd4 a6 7. Bb3 Nbd7 8. Bg5 Nc5 9. Qe2 Qc7 10. f4 b5 11. Bxf6 gxf6 12. f5 Nxb3 13. axb3 b4 14. Na4 e5 15. Nf3 Bb7 16. O-O-O Qc6 17. Rhe1 Qb5 18. Qf2 Rc8 19. Kb1 Rc7 20. Qh4 Be7 21. Nd2 h5 22. Nf1 d5 23. exd5 Bxd5 24. Ne3 Bb7 25. Nc4 Rd7 26. Rxd7 Qxd7 27. Nab6 Qd8 28. Qf2 Kf8 29. h3 h4 30. g3 hxg3 31. Qxg3 Bc5 32. h4 Bxb6 33. Qg4 Qd4 34. Qe2 Bc5 35. Rd1 Qxh4 36. Rd8+ Kg7 37. Rd7 Bc6 38. Rc7 Qh1+ 39. Ka2 Rh4 40. Nxe5 Bd5 41. Rxc5 Rf4 42. Nd7 Rf1 0-1


[Site "https://www.chess.com"]

[Event "Titled Tuesday Blitz July 26 Early 2022"]
[White "Nazari, Arad"]
[Black "Erenberg, Ariel"]
[WhiteFideId "12577324"]
[BlackFideId "2811634"]
[WhiteElo "2129"]
[BlackElo "2243"]
[Result "0-1"]
[Round "02"]
[TimeControl "180+1"]
[Date "2022.07.27"]
[WhiteClock "0:00:10"]
[BlackClock "0:00:20"]

1. e4 e5 2. Nf3 Nc6 3. Bb5 a6 4. Bxc6 dxc6 5. O-O Bd6 6. d4 exd4 7. Qxd4 f6 8. Re1 Ne7 9. e5 fxe5 10. Nxe5 O-O 11. Nc3 Be6 12. Qe4 Bf5 13. Qc4+ Kh8 14. Nf7+ Rxf7 15. Qxf7 Bg6 16. Qb3 Qf8 17. Ne4 Be5 18. Ng3 Qf6 19. c3 Rf8 20. Be3 h5 21. Bd4 Bxd4 22. cxd4 h4 23. Nf1 Qxf2+ 24. Kh1 Nd5 25. Qh3 Be4 26. Ng3 Bxg2+ 27. Qxg2 hxg3 28. Qxg3 Qxd4 29. Qh3+ Kg8 30. Qe6+ Rf7 31. Rf1 Nf4 32. Qb3 Qe4+ 33. Qf3 Qf5 34. Rae1 g5 35. Re8+ Kh7 36. Qe4 Qxe4+ 37. Rxe4 Kg6 38. h4 Rf5 39. hxg5 Kxg5 40. Rb4 b6 41. Rg1+ Kf6 42. Rf1 Kg5 43. Re4 c5 44. Rg1+ Kf6 45. Rf1 Ne6 46. Rxf5+ Kxf5 47. Rh4 Ke5 48. Kg2 Nd4 49. Kf2 a5 50. Ke3 Nf5+ 51. Kd3 Nxh4 52. Kc4 Kd6 0-1


[Site "https://www.chess.com"]

[Event "Titled Tuesday Blitz July 26 Early 2022"]
[White "Odegov, Artem"]
[Black "Zarubitski, Viachaslau"]
[WhiteFideId "34183644"]
[BlackFideId "13509373"]
[WhiteElo "2286"]
[BlackElo "2325"]
[Result "1-0"]
[Round "02"]
[TimeControl "180+1"]
[Date "2022.07.27"]
[WhiteClock "0:00:03"]
[BlackClock "0:00:06"]

1. d4 Nf6 2. c4 d6 3. Nc3 e5 4. dxe5 dxe5 5. Qxd8+ Kxd8 6. Bg5 Nd7 7. O-O-O c6 8. e3 Bb4 9. Nf3 Ke7 10. Be2 h6 11. Bh4 Bxc3 12. bxc3 g5 13. Bg3 Ne4 14. Kc2 f6 15. Nd2 Nxd2 16. Rxd2 Nc5 17. f3 Be6 18. e4 Rhd8 19. Rhd1 Rxd2+ 20. Rxd2 Na4 21. Bf2 Nb6 22. Bc5+ Kf7 23. Rd6 h5 24. f4 g4 25. f5 Bc8 26. Be3 Ke7 27. c5 Nd7 28. Bc4 Nf8 29. Bh6 Bd7 30. Kd3 b6 31. Be3 b5 32. Bb3 Nh7 33. a3 a6 34. Ke2 Nf8 35. Kf2 Be8 36. Bh6 Bd7 37. Kg3 Nh7 38. Kh4 Rh8 39. Be6 Be8 40. Bb3 1-0


[Site "https://www.chess.com"]

[Event "Titled Tuesday Blitz July 26 Early 2022"]
[White "Ohanyan, Emin"]
[Black "Janaszak, Dawid"]
[WhiteFideId "13312022"]
[BlackFideId "1119206"]
[WhiteElo "1927"]
[BlackElo "2199"]
[Result "1-0"]
[Round "02"]
[TimeControl "180+1"]
[Date "2022.07.26"]
[WhiteClock "0:00:32"]
[BlackClock "0:00:20"]

1. e4 c5 2. Nf3 Nc6 3. d4 cxd4 4. Nxd4 g6 5. Nc3 Bg7 6. Be3 Nf6 7. Nxc6 bxc6 8. e5 Ng8 9. Bd4 Qa5 10. Bc4 Bxe5 11. O-O Nf6 12. Re1 d6 13. Bxe5 dxe5 14. Qe2 O-O 15. Qxe5 Qxe5 16. Rxe5 e6 17. Ra5 Rd8 18. Kf1 Kf8 19. Ke1 Ke7 20. Bd3 Rd4 21. Rd1 Nd5 22. Ne2 Rb4 23. b3 Rg4 24. g3 Rb4 25. a3 Rbb8 26. c4 Nf6 27. b4 a6 28. Nd4 Bb7 29. Nb3 Nd7 30. Nc5 Bc8 31. Nxd7 Bxd7 32. c5 Bc8 33. Be4 Ra7 34. Rd6 Rb5 35. Rxc6 Rxa5 36. bxa5 Kd8 37. Bd3 Bb7 38. Rb6 Kc7 39. Kd2 e5 40. Rf6 Bd5 41. Bxa6 Be6 42. Bb5 Rxa5 43. a4 Ra8 44. Kc3 Rd8 45. Bc4 Rd4 46. Bxe6 fxe6 47. a5 Ra4 48. Rxe6 Rxa5 49. Kb4 Ra1 50. Rxe5 Ra2 51. Re7+ Kc6 52. Rxh7 Rxf2 53. Rh6 Rf6 54. Kc4 Re6 55. Kd4 Rf6 56. h4 Kb5 57. h5 Rf3 58. Rxg6 Rf1 59. h6 Rd1+ 60. Ke4 Kxc5 61. h7 Rh1 62. Rg7 Kd6 63. Kf5 Rh3 64. g4 Rf3+ 65. Kg6 Rh3 66. Rg8 1-0


[Site "https://www.chess.com"]

[Event "Titled Tuesday Blitz July 26 Early 2022"]
[White "Omariev, Maksim"]
[Black "Sadubayev, Airat"]
[WhiteFideId "4193423"]
[BlackFideId "13713264"]
[WhiteElo "2497"]
[BlackElo "2163"]
[Result "0-1"]
[Round "02"]
[TimeControl "180+1"]
[Date "2022.07.27"]
[WhiteClock "0:00:01"]
[BlackClock "0:00:14"]

1. e4 e5 2. Nf3 Nc6 3. Bb5 a6 4. Ba4 Nf6 5. O-O b5 6. Bb3 Bc5 7. Nxe5 Nxe5 8. d4 Bxd4 9. Qxd4 d6 10. a4 c5 11. Qe3 c4 12. Ba2 O-O 13. Nc3 Bd7 14. f4 Ng6 15. Qd4 Re8 16. Qxd6 Nxe4 17. Nxe4 Rxe4 18. Rd1 Qe7 19. Qxe7 Rxe7 20. Bd2 Bg4 21. Re1 Rd7 22. Be3 h5 23. b3 Be6 24. g3 Ne7 25. bxc4 bxc4 26. c3 Nf5 27. Bc5 Rc8 28. Bb4 Rd2 29. Bb1 Nh6 30. Ra2 Rcd8 31. Rxd2 Rxd2 32. Be4 g6 33. Bb7 Ng4 34. h3 Nf2 35. h4 Kh7 36. a5 Bg4 37. Bg2 Nd3 38. Rf1 Be2 39. Rb1 Bg4 40. Ra1 Nxb4 41. cxb4 Rb2 42. Ra4 c3 43. Be4 Bf5 44. Bxf5 gxf5 0-1


[Site "https://www.chess.com"]

[Event "Titled Tuesday Blitz July 26 Early 2022"]
[White "Oparin, Grigoriy"]
[Black "Guz, Ari"]
[WhiteFideId "24125890"]
[BlackFideId "2825759"]
[WhiteElo "2639"]
[BlackElo "1913"]
[Result "1-0"]
[Round "02"]
[TimeControl "180+1"]
[Date "2022.07.26"]
[WhiteClock "0:01:31"]
[BlackClock "0:00:14"]

1. c4 c6 2. Nf3 d5 3. g3 Nf6 4. Bg2 g6 5. b3 Bg7 6. Bb2 O-O 7. O-O a5 8. Nc3 Na6 9. d4 Nc7 10. e3 Be6 11. Qe2 Qc8 12. Rfc1 Bh3 13. cxd5 Bxg2 14. Kxg2 Nfxd5 15. Na4 b5 16. Nc5 Ne6 17. Nxe6 Qxe6 18. Rc5 a4 19. Rac1 Rfc8 20. e4 axb3 21. axb3 Ra2 22. Ng5 Qf6 23. exd5 Qxg5 24. dxc6 Qf6 25. R1c2 Qd6 26. Qxb5 Rxb2 27. Rxb2 Bxd4 28. Rd5 Qf6 29. Re2 e5 30. c7 Kg7 31. Qd7 Qa6 32. Rxd4 exd4 33. Qxd4+ Kg8 34. Re7 Qb7+ 35. Kh3 Qf3 36. Qd8+ Kg7 37. Qxc8 Qh5+ 38. Kg2 Qd5+ 39. f3 Qd2+ 1-0


[Site "https://www.chess.com"]

[Event "Titled Tuesday Blitz July 26 Early 2022"]
[White "Ozkan, Taha"]
[Black "Yuan, Qingyu"]
[WhiteFideId "34577173"]
[BlackFideId "8609772"]
[WhiteElo "2024"]
[BlackElo "2359"]
[Result "0-1"]
[Round "02"]
[TimeControl "180+1"]
[Date "2022.07.26"]
[WhiteClock "0:02:27"]
[BlackClock "0:02:27"]

1. d4 d5 2. c4 e6 3. Nc3 Nf6 4. cxd5 exd5 5. Bg5 c6 6. Qc2 h6 7. Bh4 Be7 8. e3 O-O 9. Nf3 Re8 10. Bd3 Ne4 11. Bxe7 Qxe7 12. O-O Bf5 13. Rab1 Nd7 14. b4 Nxc3 15. Qxc3 Bxd3 16. Qxd3 a6 17. a4 Nb6 18. Nd2 Nxa4 19. Rbe1 Qxb4 20. e4 Qc3 21. Qe2 Qxd4 22. e5 Nc3 23. Qe3 Qxe3 24. Rxe3 d4 25. Rd3 c5 26. f4 b5 27. Ne4 Nxe4 0-1


[Site "https://www.chess.com"]

[Event "Titled Tuesday Blitz July 26 Early 2022"]
[White "Pap, Gyula"]
[Black "Dounis, Alexandros"]
[WhiteFideId "725323"]
[BlackFideId "4213238"]
[WhiteElo "2553"]
[BlackElo "2204"]
[Result "1-0"]
[Round "02"]
[TimeControl "180+1"]
[Date "2022.07.26"]
[WhiteClock "0:00:40"]
[BlackClock "0:00:46"]

1. d4 Nf6 2. c4 g6 3. Nc3 d5 4. Nf3 Bg7 5. Bf4 O-O 6. Rc1 dxc4 7. e4 Bg4 8. Bxc4 Nc6 9. d5 Bxf3 10. gxf3 Nb8 11. O-O Nbd7 12. Be2 Nh5 13. Be3 e5 14. Nb5 Rc8 15. Nxa7 Ra8 16. Nb5 Rxa2 17. Qb3 Ra6 18. Nxc7 Rf6 19. Ne6 fxe6 20. dxe6 Kh8 21. Rfd1 Rf4 22. exd7 Qg5+ 23. Kh1 Qh4 24. Rc8 1-0


[Site "https://www.chess.com"]

[Event "Titled Tuesday Blitz July 26 Early 2022"]
[White "Paravyan, David"]
[Black "Al-Tarboush, Ward"]
[WhiteFideId "4194985"]
[BlackFideId "7601450"]
[WhiteElo "2569"]
[BlackElo "2231"]
[Result "1-0"]
[Round "02"]
[TimeControl "180+1"]
[Date "2022.07.26"]
[WhiteClock "0:00:52"]
[BlackClock "0:00:08"]

1. e4 e6 2. d4 d5 3. Nc3 Nf6 4. Bg5 dxe4 5. Nxe4 Be7 6. Nxf6+ Bxf6 7. Bxf6 Qxf6 8. Nf3 c5 9. Bb5+ Bd7 10. Qe2 O-O 11. O-O-O a6 12. Bd3 cxd4 13. Qe4 g6 14. Qxd4 Qxd4 15. Nxd4 Nc6 16. Be4 Rac8 17. Nb3 Rc7 18. c3 e5 19. Rd6 Be6 20. Nc5 Bxa2 21. Bxc6 Rxc6 22. Rxc6 bxc6 23. b3 Rb8 24. Kb2 Rb5 25. b4 Bd5 26. Ra1 Bxg2 27. Rxa6 Rb8 28. Nd7 Rd8 29. Nxe5 Rd2+ 30. Ka3 Rxf2 31. Nxc6 Re2 32. b5 f5 33. Nd4 Re3 34. Kb4 f4 35. b6 Re1 36. Kc5 Rb1 37. c4 f3 38. Ra2 Kf7 39. Nb5 Re1 40. b7 Re5+ 41. Kd4 Re8 42. Nd6+ 1-0


[Site "https://www.chess.com"]

[Event "Titled Tuesday Blitz July 26 Early 2022"]
[White "Sammed Jaykumar, Shete"]
[Black "Itkis, Boris"]
[WhiteFideId "5073421"]
[BlackFideId "1209167"]
[WhiteElo "2239"]
[BlackElo "2207"]
[Result "1-0"]
[Round "02"]
[TimeControl "180+1"]
[Date "2022.07.27"]
[WhiteClock "0:00:05"]
[BlackClock "0:00:04"]

1. Nf3 d5 2. c4 d4 3. e3 Nc6 4. exd4 Nxd4 5. Nc3 Bg4 6. Be2 Nxe2 7. Qxe2 e6 8. O-O Nf6 9. d4 Be7 10. h3 Bxf3 11. Qxf3 Qxd4 12. Qxb7 O-O 13. Qxc7 Bd6 14. Qa5 Qxc4 15. Be3 Bb4 16. Qa4 Rfc8 17. Rac1 Bxc3 18. Qxc4 Rxc4 19. Rxc3 Rxc3 20. bxc3 Nd5 21. Bd4 f6 22. c4 Nf4 23. Be3 e5 24. Rd1 Rc8 25. c5 Rc7 26. Rd6 Kf7 27. c6 Ne6 28. Bd2 Nd4 29. Ba5 Rxc6 30. Rd7+ Kg6 31. Rxa7 Rc1+ 32. Kh2 Rc2 33. Be1 Re2 34. Bb4 Rxf2 35. Bc5 Rd2 36. a4 Nb3 37. Bf8 e4 38. Rxg7+ Kf5 39. Re7 Nc5 40. Bh6 Ra2 41. h4 Rxa4 42. Kh3 Ne6 43. g4+ Ke5 44. h5 Ra3+ 45. Kh4 e3 46. Bxe3 Rxe3 47. Rxh7 Nf4 48. Re7+ Ne6 49. h6 Re1 50. Kh5 Rh1+ 51. Kg6 Kf4 52. Rxe6 Kxg4 53. Rxf6 Rb1 54. h7 Rb8 55. Kg7 Kg5 56. Rf8 Rb7+ 57. Kg8 Kg6 58. h8=Q Rf7 59. Rxf7 1-0


[Site "https://www.chess.com"]

[Event "Titled Tuesday Blitz July 26 Early 2022"]
[White "Schekachikhin, Maksim"]
[Black "Visakh N R"]
[WhiteFideId "24177830"]
[BlackFideId "25012223"]
[WhiteElo "2239"]
[BlackElo "2448"]
[Result "1/2-1/2"]
[Round "02"]
[TimeControl "180+1"]
[Date "2022.07.26"]
[WhiteClock "0:00:17"]
[BlackClock "0:00:54"]

1. d4 Nf6 2. c4 e6 3. Nc3 d5 4. Bg5 Be7 5. e3 O-O 6. Qc2 h6 7. Bxf6 Bxf6 8. Nf3 c5 9. dxc5 dxc4 10. Bxc4 Qa5 11. O-O Bxc3 12. Qxc3 Qxc3 13. bxc3 Nd7 14. c6 bxc6 15. Rab1 Nb6 16. Be2 Rd8 17. Rfc1 Bd7 18. Kf1 c5 19. Ne5 Be8 20. Ke1 f6 21. Nc4 Rdb8 22. Na5 Nd5 23. c4 Nb4 24. Ra1 Bg6 25. Kd2 Rd8+ 26. Kc3 Nd3 27. Rf1 Rab8 28. Nb3 Nb2 29. Kxb2 Rd2+ 30. Ka3 Rxe2 31. Nxc5 Rc8 32. Nxe6 Rxc4 33. Nf4 Rec2 34. Nxg6 R4c3+ 35. Kb4 Rc4+ 36. Kb3 R4c3+ 37. Kb4 Rc4+ 38. Kb3 Kf7 39. Nf4 R4c3+ 40. Kb4 Rc4+ 41. Kb3 R4c3+ 42. Kb4 Rc4+ 43. Kb3 1/2-1/2


[Site "https://www.chess.com"]

[Event "Titled Tuesday Blitz July 26 Early 2022"]
[White "Seemann, Jakub"]
[Black "Jacobson, Brandon"]
[WhiteFideId "21874697"]
[BlackFideId "30901561"]
[WhiteElo "2033"]
[BlackElo "2362"]
[Result "0-1"]
[Round "02"]
[TimeControl "180+1"]
[Date "2022.07.26"]
[WhiteClock "0:00:01"]
[BlackClock "0:00:03"]

1. d4 Nf6 2. c4 e6 3. Nc3 Bb4 4. e3 O-O 5. Bd2 b6 6. Bd3 Bb7 7. Nh3 Bxg2 8. Rg1 Bxh3 9. Qf3 d5 10. Qxh3 c5 11. a3 Ba5 12. O-O-O g6 13. dxc5 bxc5 14. Qh6 Nc6 15. h4 Ne5 16. Bc2 Neg4 17. Qg5 h6 18. Qf4 Bc7 19. Qf3 Ne5 20. Qh3 Nxc4 21. h5 g5 22. f4 g4 23. Nxd5 exd5 24. Rxg4+ Kh8 25. Bc3 Ba5 26. Rxd5 Bxc3 27. Rxd8 Bxb2+ 28. Kb1 Rfxd8 29. f5 Nxg4 30. Qxg4 Nxe3 31. Qf4 Bd4 32. Qxh6+ Kg8 33. f6 Rab8+ 34. Kc1 Bb2+ 35. Kb1 Bxf6+ 36. Bb3 Rxb3+ 37. Kc1 Bb2+ 38. Kb1 Bg7+ 39. Kc1 Rd1# 0-1


[Site "https://www.chess.com"]

[Event "Titled Tuesday Blitz July 26 Early 2022"]
[White "Seo, Jung Min"]
[Black "Aggelis, Nikolaos"]
[WhiteFideId "1734687"]
[BlackFideId "4213220"]
[WhiteElo "2414"]
[BlackElo "2154"]
[Result "1-0"]
[Round "02"]
[TimeControl "180+1"]
[Date "2022.07.26"]
[WhiteClock "0:00:34"]
[BlackClock "0:00:01"]

1. e4 c5 2. Nf3 d6 3. d4 cxd4 4. Qxd4 e5 5. Qe3 Nf6 6. Bb5+ Nbd7 7. O-O a6 8. Be2 Be7 9. c4 O-O 10. Nc3 Nc5 11. Rd1 Be6 12. b3 Rb8 13. Rb1 Qc7 14. Ng5 h6 15. Nxe6 fxe6 16. b4 Ncd7 17. Qh3 Kf7 18. c5 Rfd8 19. cxd6 Bxd6 20. b5 Rbc8 21. bxa6 bxa6 22. Bxa6 Qxc3 23. Bxc8 Qxh3 24. gxh3 Rxc8 25. Rxd6 Nc5 26. f3 Ra8 27. Be3 Ncd7 28. Rb7 Ke7 29. Bc5 Kd8 30. a3 Kc8 31. Rb5 Nxc5 32. Rxc5+ Kb7 33. Rd3 Nh5 34. Rb3+ Ka6 35. Rxe5 Nf4 36. h4 g5 37. hxg5 hxg5 38. Kf2 1-0


[Site "https://www.chess.com"]

[Event "Titled Tuesday Blitz July 26 Early 2022"]
[White "Shimanov, Aleksandr"]
[Black "Rodchenkov, Sergey D."]
[WhiteFideId "4198603"]
[BlackFideId "4168712"]
[WhiteElo "2605"]
[BlackElo "2293"]
[Result "1-0"]
[Round "02"]
[TimeControl "180+1"]
[Date "2022.07.26"]
[WhiteClock "0:00:14"]
[BlackClock "0:00:06"]

1. e4 c5 2. Nf3 d6 3. d4 cxd4 4. Qxd4 Nc6 5. Bb5 Bd7 6. Qd3 Nf6 7. Bg5 e6 8. Nc3 Be7 9. O-O-O a6 10. Bxc6 Bxc6 11. Nd4 O-O 12. f4 Qa5 13. Rhe1 Rfd8 14. Kb1 Rd7 15. Bxf6 Bxf6 16. Nxc6 bxc6 17. e5 Be7 18. f5 Rb8 19. fxe6 fxe6 20. b3 d5 21. Qh3 Kh8 22. Re3 Rdb7 23. Qxe6 d4 24. Rxd4 Bc5 25. Rdd3 Bxe3 26. Rxe3 Rd8 27. Kb2 Qc5 28. Re4 Re7 29. Qf5 Rde8 30. Rc4 Qxe5 31. Qxe5 Rxe5 32. Rxc6 a5 33. a3 h5 34. b4 axb4 35. axb4 Rg5 36. g3 Rg4 37. Kb3 Rb8 38. b5 h4 39. gxh4 Rxh4 40. b6 Rxh2 41. Nd5 Rh5 42. c4 g5 43. Kb4 g4 44. Rg6 Rh4 45. Kb5 Kh7 46. Rxg4 Rxg4 47. Nf6+ Kg6 48. Nxg4 Kf5 49. c5 Ke6 50. c6 Kd6 51. Ne3 Rg8 52. Nc4+ Ke7 53. b7 Rb8 54. Kb6 Ke6 55. c7 Rg8 56. c8=Q+ 1-0


[Site "https://www.chess.com"]

[Event "Titled Tuesday Blitz July 26 Early 2022"]
[White "Sorkin, Igor"]
[Black "Baches Garcia, Guillermo"]
[WhiteFideId "2803283"]
[BlackFideId "2209764"]
[WhiteElo "2401"]
[BlackElo "2523"]
[Result "1-0"]
[Round "02"]
[TimeControl "180+1"]
[Date "2022.07.27"]
[WhiteClock "0:00:16"]
[BlackClock "0:00:01"]

1. d4 Nf6 2. Nf3 e6 3. Bf4 d5 4. e3 c5 5. c3 Nc6 6. Nbd2 Bd6 7. Bg3 O-O 8. Bb5 a6 9. Bxc6 bxc6 10. Qa4 Qc7 11. Bxd6 Qxd6 12. Qa3 Nd7 13. Nb3 e5 14. dxe5 Nxe5 15. Nxe5 Qxe5 16. Qxc5 a5 17. O-O a4 18. Nd4 Bd7 19. b4 h5 20. a3 h4 21. Nf3 Qh5 22. Qd4 h3 23. Qh4 Qf5 24. Nd4 Qd3 25. gxh3 Rae8 26. Kh1 Qxc3 27. Rg1 g6 28. Qg3 Qd3 29. Rgc1 Re4 30. Rd1 Qc3 31. Kg2 Qb2 32. Rdb1 Qc3 33. Rc1 Qb2 34. Rcb1 Qc3 35. Qd6 Be6 36. Qc5 Qd3 37. Rd1 Qa6 38. Qxc6 Qa7 39. Qd6 Re8 40. Rac1 Qa8 41. Rc7 Qa6 42. Qxa6 1-0


[Site "https://www.chess.com"]